 Dungeon Crawl Stone Soup version 0.26-a0-670-g578ab304f5 (webtiles) character file.

Game seed: 17227540153300764875

(classic levelgen) 395 EnegeticOcto the Digger (level 7, -6/41 HPs)
             Began as a Halfling Earth Elementalist on Oct 19, 2020.
             Mangled by Pikel
             ... wielding a +2 whip of electrocution
              (11 damage)
             ... on level 4 of the Dungeon.
             The game lasted 00:09:31 (990 turns).

EnegeticOcto the Digger (HaEE)                       Turns: 990, Time: 00:09:31

Health: -6/41      AC:  3    Str:  9    XL:     7   Next: 9%
Magic:  2/10       EV: 15    Int: 15    God:
Gold:   141        SH:  0    Dex: 15    Spells: 4/10 levels left

rFire    . . .     SeeInvis .   k - +1 whip
rCold    . . .     Faith    .   (shield restricted)
rNeg     . . .     Spirit   .   c - +0 robe
rPois    .         Reflect  .   (no helmet)
rElec    .         Harm     .   (no cloak)
rCorr    .         Rampage  .   o - +0 pair of gloves
MR       .....                  (no boots)
Stlth    ++........             (no amulet)
HPRegen  0.13/turn              (no ring)
MPRegen  0.12/turn              (no ring)

@: no status effects
A: small, mutation resistance 1
a: no special abilities


You were on level 4 of the Dungeon.
You visited 1 branch of the dungeon, and saw 4 of its levels.

You collected 141 gold pieces.

Inventory:

Hand Weapons
 f - a +0 dagger
 k - a +1 whip (weapon)
Missiles
 b - 23 stones (quivered)
 g - 13 bolts
 l - 15 poisoned darts
Armour
 c - a +0 robe (worn)
 o - a +0 pair of gloves (worn)
Scrolls
 d - a scroll of teleportation {unknown}
 j - a scroll of random uselessness


   Skills:
 - Level 2.1 Dodging
 - Level 2.1 Stealth
 - Level 2.0 Spellcasting
 - Level 2.0 Conjurations
 - Level 0.5 Transmutations
 + Level 6.7 Earth Magic


You had 4 spell levels left.
You knew the following spells:

 Your Spells              Type           Power        Failure   Level
a - Sandblast             Erth           ###...       1%          1
b - Stone Arrow           Conj/Erth      ##....       11%         3
p - Passwall              Tmut/Erth      ##......     8%          2

Your spell library contained the following spells:

 Spells                   Type           Power        Failure   Level
 Petrify                  Tmut/Erth      ##......     45%         4
 Lee's Rapid Deconstruct  Erth           ###.......   36%         5


Dungeon Overview and Level Annotations

Branches:
Dungeon (4/15)
 Temple: D:4-7

Altars:

Annotations:
D:2 Natasha, Sigmund
D:4 Pikel


Innate Abilities, Weirdness & Mutations

You are small and have problems with some larger weapons.
You are somewhat resistant to further mutation.


Message History

The lemure is lightly wounded.
The lemure hits you.
Okay, then.
The lemure hits you!
Casting: Sandblast (safe; 1% risk of failure)
Confirm with . or Enter, or press ? or * to list all spells.
Press: ? - help, Shift-Dir - straight line, f - Pikel
Aim: Pikel, wielding a +2 whip of electrocution and wearing a +0 robe The blast of sand hits Pikel.
Pikel is lightly wounded.
b - 27 stones The lemure closely misses you.
Casting: Sandblast (safe; 1% risk of failure)
Confirm with . or Enter, or press ? or * to list all spells.
Aiming: Sandblast (safe; 1% risk of failure)
Press: ? - help, Shift-Dir - straight line, f/p - Pikel
Aim: Pikel, wielding a +2 whip of electrocution and wearing a +0 robe (lightly wounded)
The blast of sand hits Pikel but does no damage.
Pikel is lightly wounded.
b - 26 stones The lemure barely misses you.
The lemure hits you!
Items here: ))) [ ††.
Okay, then.
Press: ? - help, v - describe, . - travel, g - get item
Here: Pikel, wielding a +2 whip of electrocution and wearing a +0 robe (lightly wounded)
Items here: ))) [ ††.
The floor.
Casting: Sandblast (safe; 1% risk of failure)
Confirm with . or Enter, or press ? or * to list all spells.
Aiming: Stone Arrow (dangerous; 11% risk of failure)
Press: ? - help, Shift-Dir - straight line, f/p - Pikel
Aim: Pikel, wielding a +2 whip of electrocution and wearing a +0 robe (lightly wounded)
The stone arrow hits Pikel!
Pikel is heavily wounded.
Pikel hits you with a +2 whip of electrocution.
Casting: Stone Arrow (dangerous; 11% risk of failure)
Confirm with . or Enter, or press ? or * to list all spells.
Aiming: Stone Arrow (dangerous; 11% risk of failure)
Press: ? - help, Shift-Dir - straight line, f/p - Pikel
Aim: Pikel, wielding a +2 whip of electrocution and wearing a +0 robe (heavily wounded)
You miscast Stone Arrow.
You are very lightly contaminated with residual magic.
Nothing appears to happen.
Pikel closely misses you.
Casting: Stone Arrow (dangerous; 11% risk of failure)
Confirm with . or Enter, or press ? or * to list all spells.
Aiming: Sandblast (safe; 1% risk of failure)
Press: ? - help, Shift-Dir - straight line, f/p - Pikel
Aim: Pikel, wielding a +2 whip of electrocution and wearing a +0 robe (heavily wounded)
The blast of sand hits Pikel.
Pikel is heavily wounded.
b - 25 stones Pikel hits you but does no damage.
Casting: Sandblast (safe; 1% risk of failure)
Confirm with . or Enter, or press ? or * to list all spells.
Aiming: Sandblast (safe; 1% risk of failure)
Press: ? - help, Shift-Dir - straight line, f/p - Pikel
Aim: Pikel, wielding a +2 whip of electrocution and wearing a +0 robe (heavily wounded)
The blast of sand misses Pikel.
b - 24 stones Pikel closely misses you.
Casting: Sandblast (safe; 1% risk of failure)
Confirm with . or Enter, or press ? or * to list all spells.
Aiming: Sandblast (safe; 1% risk of failure)
Press: ? - help, Shift-Dir - straight line, f/p - Pikel
Aim: Pikel, wielding a +2 whip of electrocution and wearing a +0 robe (heavily wounded)
The blast of sand hits Pikel.
Pikel is heavily wounded.
b - 23 stones The lemure shouts!
Pikel hits you but does no damage.
You are electrocuted!!
* * * LOW HITPOINT WARNING * * *
Your magical contamination has completely faded away.
You see here a mace.
There is a stone staircase leading up here.
Things that are here:
a -4 ring of dexterity; an uncursed ring of attention Pikel says, "You'll make a fine lemure."
There is a stone staircase leading up here.
Things that are here:
a -4 ring of dexterity; an uncursed ring of attention Really quaff
p - a potion of curing {@q1 !q}?
You feel better. Pikel closely misses you.
Unknown command.
Unknown command.
Things that are here:
a +0 leather armour; a +0 whip; an orc corpse
Casting: Sandblast (safe; 1% risk of failure)
Confirm with . or Enter, or press ? or * to list all spells.
Aiming: Stone Arrow (dangerous; 11% risk of failure)
Press: ? - help, Shift-Dir - straight line, f - Pikel
Aim: Pikel, wielding a +2 whip of electrocution and wearing a +0 robe (heavily wounded)
The stone arrow hits Pikel!
Pikel is severely wounded.
Pikel closely misses you.
The lemure shouts!
Pikel hits you with a +2 whip of electrocution!
* * * LOW HITPOINT WARNING * * *
You are electrocuted!
You die...

....<.....†....#....#.#
....................# #
...............#.#.....#
..............######...#
.............5# ##..#
......#....### ....#
.....##......####...##
........>...[##....#
..........#@....#
##........#K..### #
##.#.....#5...##.##
...#..............##
..........##5.......#
.......#...##.........
........#....#..#....##
>..........5..[.##...##
l.................##.###


You could see Pikel and 2 lemures.

Vanquished Creatures
  Grinder (D:4)
  An orc priest (D:4)
  An orc wizard (D:4)
  Jessica (D:2)
  A gnoll (D:1)
  2 adders
  2 oozes (D:1)
  An adder skeleton (D:4)
  2 dart slugs
  2 orcs (D:4)
  9 bats
  2 giant cockroaches
  4 goblins
  4 hobgoblins (D:1)
  10 jackals
  4 kobolds
  2 frilled lizards
  10 rats
59 creatures vanquished.

Notes
Turn   | Place    | Note
-------+----------+-------------------------------------------
     0 | D:1      | EnegeticOcto the Halfling Earth Elementalist began the
                  | quest for the Orb.
     0 | D:1      | Reached XP level 1. HP: 11/11 MP: 3/3
    65 | D:1      | Reached XP level 2. HP: 13/17 MP: 1/4
   155 | D:1      | Learned a level 2 spell: Passwall
   217 | D:2      | Noticed Jessica
   224 | D:2      | Killed Jessica
   224 | D:2      | Reached skill level 4 in Earth Magic
   224 | D:2      | Reached XP level 3. HP: 20/21 MP: 0/5
   240 | D:2      | Noticed Natasha
   268 | D:2      | Noticed Sigmund
   345 | D:1      | Reached XP level 4. HP: 16/27 MP: 4/6
   437 | D:1      | Reached skill level 5 in Earth Magic
   580 | D:3      | Reached XP level 5. HP: 17/31 MP: 0/7
   641 | D:3      | Learned a level 3 spell: Stone Arrow
   757 | D:4      | Reached skill level 1 in Conjurations
   760 | D:4      | Noticed Grinder
   778 | D:4      | Paralysed by Grinder for 5 turns
   794 | D:4      | Killed Grinder
   794 | D:4      | Reached skill level 2 in Conjurations
   794 | D:4      | Reached skill level 6 in Earth Magic
   794 | D:4      | Reached skill level 2 in Spellcasting
   794 | D:4      | Reached XP level 6. HP: 36/36 MP: 1/9
   794 | D:4      | Reached XP level 7. HP: 41/41 MP: 1/10
   917 | D:4      | Noticed Pikel
   951 | D:4      | HP: 2/41 [Pikel/+2 whip of electrocution (18)]
   990 | D:4      | Mangled by Pikel

Illustrated notes

Levels and vault maps discovered:
D:1:      dpeg_arrival_ratfight, layout_basic, kennysheep_doodads, st_stairs_1,
          minmay_tiny_reverse_x
D:2:      layout_loops_ring, minmay_misc_feat_encased, uniq_natasha,
          uniq_sigmund, uniq_jessica, uniq_terence
D:3:      layout_basic
D:4:      cheibrodos_thug_alley, layout_cave_pools,
          minmay_temple_entry_gardened_gates, minmay_misc_feat_square,
          uniq_grinder, uniq_duvessa, uniq_pikel

Skill      XL: |  1  2  3  4  5 |
---------------+----------------+-----
Earth Magic    | 4 5 6 |  6.7
Conjurations   | 2 |  2.0
Spellcasting   | 2 |  2.0
Dodging        | |  2.1
Stealth        | |  2.1
Transmutations | |  0.5

Action                   |  1- 3 |  4- 6 |  7- 9 || total
-------------------------+-------+-------+-------++-------
Melee: Unarmed           |    12 |    17 |       ||    29
       Dagger            |    56 |       |       ||    56
       Whip              |       |    59 |    17 ||    76
 Cast: Sandblast         |    18 |    38 |    12 ||    68
       Passwall          |     1 |       |       ||     1
       Stone Arrow       |       |       |     2 ||     2
  Use: Scroll            |       |     7 |       ||     7
       Potion            |       |     1 |     1 ||     2
Armor: Robe              |    27 |    21 |     4 ||    52
       Skin              |       |    24 |       ||    24
Dodge: Dodged            |    81 |    80 |    31 ||   192

Table legend: (Time is in decaauts)
 A = Elapsed time spent in this place.
 B = Non-inter-level travel time spent in this place.
 C = Inter-level travel time spent in this place.
 D = Time resting spent in this place.
 E = Time spent auto-exploring this place.
 F = Levels seen in this place.
 G = Mean time per level.
                   A        B        C        D        E       F      G
               +--------+--------+--------+--------+--------+-----+--------+
         Total |    996 |    975 |     21 |      0 |      0 |   4 |  249.0 |
       Dungeon |    996 |    975 |     21 |      0 |      0 |   4 |  249.0 |
               +--------+--------+--------+--------+--------+-----+--------+

Top non-repeatable levels by time:
     D:1: 377 daAuts
     D:4: 338 daAuts
     D:3: 153 daAuts
     D:2: 127 daAuts
